Map: Ephemeron LE

Players

LiquidMaNa (MaNa) - Winner!

  • Race: Protoss Protoss
  • League: Grandmaster
  • Spawn Location: 5:00

SortOf

  • Race: Zerg Zerg
  • League: Master
  • Spawn Location: 11:00

Event: HomeStory Cup XX

VOD

Have the link to the VOD?

Description

Time

  • Played on: Nov. 21, 2019, 10:49 a.m.
  • Length: 8:12

All games in this series

Show
View Real Time Build Order
Export as new Build Order

LiquidMaNa Protoss - Winner!

Build Orders: 1 Gate Expand, Oracle Opening 

Get SALT Encoding   

  12  0:00  Probe  
  13  0:12  Probe  
  14  0:17  Pylon  
  14  0:24  Probe  
  15  0:32  Probe  
  15  0:40  Probe  
  15  0:41  Gateway  
  17  0:50  Assimilator  
  17  0:51  Probe  
  18  0:59  Probe  
  19  1:07  Probe  
  20  1:26  Nexus  
  20  1:37  Cybernetics Core  
  20  1:40  Probe  
  20  1:45  Assimilator  
  21  1:52  Probe  
  22  1:56  Pylon  
  22  2:04  Stalker, Probe  
  25  2:16  Probe  
  25  2:22  Stargate  
  26  2:27  Warp Gate  
  26  2:28  Probe  
  27  2:34  Adept  
  29  2:38  Probe  
  29  2:41  Probe  
  31  2:50  Probe  
  32  2:53  Probe  
  32  2:57  Oracle  
  33  3:03  Probe  
  33  3:05  Probe  
  38  3:15  Probe  
  38  3:16  Gateway  
  38  3:17  Probe  
  40  3:24  Oracle  
  40  3:27  Probe  
  40  3:29  Probe  
  42  3:38  Assimilator, Pylon  
  42  3:39  Probe  
  42  3:40  Assimilator  
  46  3:52  Robotics Facility  
  46  3:55  Probe  
  46  3:56  Probe  
  46  4:03  Probe  
  46  4:08  Probe  
  48  4:10  Pylon  
  48  4:11  Probe  
  48  4:16  Adept  
  51  4:17  Adept  
  51  4:21  Probe  
  54  4:26  Pylon  
  54  4:28  Probe  
  55  4:36  Immortal  
  55  4:37  Sentry  
  55  4:38  Sentry  
  59  4:44  Probe  
  64  4:50  Probe  
  65  4:59  Nexus  
  65  5:02  Pylon, Sentry x2  
  69  5:10  Immortal  
  69  5:14  Probe  
  69  5:16  Pylon  
  69  5:17  Probe  
  73  5:26  Probe  
  73  5:27  Sentry  
  73  5:28  Sentry  
  76  5:32  Gateway  
  76  5:34  Gateway  
  76  5:36  Gateway  
  76  5:37  Gateway  
  76  5:38  Probe x2  
  76  5:39  Warp Prism  
  80  5:50  Probe x2  
  80  5:52  Sentry x2  
  86  5:59  Pylon  
  86  6:00  Shield Battery  
  86  6:11  Probe x2  
  88  6:12  Twilight Council  
  88  6:13  Probe  
  89  6:21  Zealot x2  
  89  6:23  Probe x2  
  89  6:25  Probe  
  96  6:27  Zealot  
  97  6:35  Probe  
  97  6:37  Probe  
  97  6:38  Stalker x3  
  105  6:42  Pylon  
  105  6:44  Pylon  
  105  6:52  Zealot x2  
  109  7:01  Zealot x4  
  113  7:15  Stalker  
  113  7:16  Stalker  
  117  7:24  Zealot x3  
  117  7:25  Zealot  
  117  7:27  Probe x2  
  125  7:35  Forge  
  125  7:47  Probe x2  
  125  7:50  Assimilator  
  125  7:52  Probe  
  125  7:53  Assimilator  
  122  8:06  Templar Archives  
  122  8:09  Stalker  
Show
View Real Time Build Order
Export as new Build Order

SortOf Zerg 

Build Orders: Hatch First 

Get SALT Encoding   

  12  0:00  Drone  
  13  0:13  Overlord  
  13  0:17  Drone  
  14  0:32  Drone x2  
  16  0:48  Drone x2  
  18  0:58  Hatchery, Drone  
  18  1:03  Extractor  
  17  1:14  Spawning Pool  
  17  1:17  Drone  
  17  1:20  Drone  
  18  1:29  Drone  
  19  1:39  Drone  
  20  1:50  Overlord  
  20  2:01  Queen  
  22  2:10  Metabolic Boost, Zergling x4, Queen  
  22  2:13  Drone  
  27  2:21  Drone  
  28  2:23  Drone  
  29  2:37  Hatchery  
  29  2:40  Drone x2  
  29  2:44  Overlord  
  30  2:51  Drone  
  30  2:54  Overlord  
  31  3:02  Queen  
  33  3:08  Zergling x4  
  33  3:12  Drone  
  35  3:14  Queen  
  35  3:18  Drone x2  
  39  3:32  Overlord  
  39  3:35  Drone  
  39  3:36  Spore Crawler  
  39  3:38  Queen  
  39  3:40  Spore Crawler  
  40  3:44  Drone x2  
  42  3:50  Drone x3  
  45  3:56  Drone x2  
  45  4:01  Drone x3  
  49  4:11  Drone x2  
  49  4:13  Roach Warren  
  49  4:14  Zergling x4  
  52  4:19  Zergling x6  
  55  4:27  Overlord  
  55  4:28  Drone  
  55  4:29  Drone  
  55  4:31  Extractor  
  56  4:36  Drone x2  
  56  4:37  Lair  
  56  4:38  Overlord  
  57  4:40  Overlord  
  57  4:43  Spore Crawler  
  51  4:49  Drone x4  
  54  4:54  Drone x3  
  54  4:58  Drone x2  
  55  5:02  Drone  
  54  5:18  Zergling x2  
  54  5:19  Zergling x2  
  55  5:22  Drone x4  
  55  5:26  Drone x6  
  63  5:29  Queen  
  63  5:31  Drone  
  63  5:34  Drone  
  67  5:37  Overlord  
  67  5:38  Drone x2  
  67  5:40  Queen  
  67  5:42  Extractor  
  70  5:44  Zergling x8  
  70  5:46  Glial Reconstitution  
  70  5:48  Extractor  
  70  5:49  Drone x2  
  74  5:57  Drone  
  74  5:58  Drone  
  74  5:59  Drone  
  74  6:02  Evolution Chamber  
  76  6:04  Evolution Chamber  
  76  6:06  Extractor x2  
  76  6:09  Drone x3  
  76  6:10  Drone x2  
  78  6:17  Drone  
  80  6:18  Drone  
  80  6:22  Extractor, Overlord  
  80  6:24  Roach x4  
  87  6:27  Overlord  
  87  6:29  Roach  
  89  6:39  Drone  
  90  6:43  Overlord  
  90  6:45  Zergling x16  
  90  6:46  Drone  
  99  6:48  Drone x2  
  99  6:53  Zergling x2  
  99  6:54  Ravager x3  
  99  6:56  Queen  
  99  6:58  Zergling x2  
  99  7:04  Zergling x4  
  93  7:08  Roach  
  93  7:09  Queen  
  93  7:11  Queen  
  93  7:12  Zergling x14  
  93  7:14  Ravager  
  97  7:17  Roach x2  
  97  7:19  Roach  
  95  7:23  Roach x2  
  95  7:26  Roach  
  93  7:30  Zergling x2  
  93  7:35  Zergling x4  
  92  7:37  Ravager  
  92  7:39  Zergling x2  
  89  7:44  Zergling x2  
  89  7:45  Zergling x12  
  86  7:55  Zergling x2  
Tags
 
Add a new tag
Caveats
  • Supply blocks, unpowered buildings, or Contaminate may cause inaccurate times.
  • Supply counts are checked every 10 seconds.